 Dungeon Crawl Stone Soup version 0.30-b1-2-g02819fbbbe (webtiles) character file.

Game seed: 7290418965395546287

1659136 harpo the Slayer (level 26, 261/261 HPs)
             Began as a Minotaur Fighter on Aug 20, 2023.
             Was the Champion of Okawaru.
             Escaped with the Orb
             ... and 3 runes on Sept 3, 2023!
             The game lasted 08:29:47 (71196 turns).

harpo the Slayer (Minotaur Fighter)                Turns: 71196, Time: 08:29:48

Health: 261/261    AC: 43    Str: 31    XL:     26   Next: 71%
Magic:  31/31      EV: 16    Int:  7    God:    Okawaru [******]
Gold:   6220       SH: 29    Dex: 23    Spells: 25/25 levels left

rFire   + + .        a - +9 broad axe (flame)
rCold   + . .        Z - +5 kite shield of the Buccaneer {Dex+6}
rNeg    + . .        p - +4 gold dragon scales of Itiehix {rPois rF+ rC+ Regen+}
rPois   +            w - +2 hat {SInv}
rElec   +            j - +2 cloak of Caustic Curiosity {rF+}
rCorr   .            s - +2 pair of gloves
SInv    +            O - +1 pair of boots of the Salamander {rN+ Stlth+}
Will    ++...        F - amulet "Inubopn" {Reflect Dex+4 SH+5} Stlth
                     C - ring "Seah" {rElec Will+ Str-4 Dex+3}
HPRegen 1.43/turn    G - +6 ring of strength
MPRegen 0.22/turn

%: reflection
@: no status effects
A: horns 2, retaliatory headbutt, clumsy 1
0: Orb of Zot
}: 3/15 runes: barnacled, silver, gossamer
a: Renounce Religion, Heroism, Finesse, Duel


You escaped.
You worshipped Okawaru.
Okawaru was exalted by your worship.
You visited 10 branches of the dungeon, and saw 48 of its levels.
You visited the Abyss 1 time.
You also visited: Sewer.

You collected 9792 gold pieces.
You spent 3572 gold pieces at shops.

Inventory:

Hand Weapons
 a - a +9 broad axe of flaming (weapon)
Missiles
 b - 21 javelins
 R - 21 boomerangs
 W - 30 silver javelins (quivered)
Armour
 j - the +2 cloak of Caustic Curiosity (worn) {rF+}
   (Okawaru gifted it to you on level 2 of the Realm of Zot)

   rF:        It protects you from fire.
 p - the +4 gold dragon scales of Itiehix (worn) {rPois rF+ rC+ Regen+}
   (Okawaru gifted it to you on level 5 of the Lair of Beasts)

   rF:        It protects you from fire.
   rC:        It protects you from cold.
   rPois:     It protects you from poison.
   Regen:     It increases your rate of health regeneration.
 s - a +2 pair of gloves (worn)
 w - a +2 hat of see invisible (worn)
 O - the +1 pair of boots of the Salamander (worn) {rN+ Stlth+}
   (Okawaru gifted it to you on level 3 of the Elven Halls)

   rN:        It protects you from negative energy.
   Stlth:     It makes you more stealthy.
 V - the +2 cloak of the Hidden Vale {+Blink rF+++ Dex-3 Stlth-}
   (You acquired it on level 2 of the Spider Nest)

   Dex:       It affects your dexterity (-3).
   rF:        It renders you almost immune to fire.
   +Blink:    It lets you blink.
   Stlth:     It makes you less stealthy.
 Z - the +5 kite shield of the Buccaneer (worn) {Dex+6}
   (You took it off Donald on level 1 of the Shoals)

   Dex:       It affects your dexterity (+6).
Jewellery
 g - the ring of Maid {rPois rC+ rCorr Dex+4}
   (You found it on level 2 of the Elven Halls)

   [ring of poison resistance]

   Dex:       It affects your dexterity (+4).
   rC:        It protects you from cold.
   rPois:     It protects you from poison.
   rCorr:     It protects you from acid and corrosion.
 n - the ring "Usodisuq" {Ice rPois Str+4}
   (You took it off Josephina on level 1 of the Realm of Zot)

   [ring of ice]

   It enhances your ice magic.
   Str:       It affects your strength (+4).
   rF:        It makes you vulnerable to fire.
   rC:        It protects you from cold.
   rPois:     It protects you from poison.
 q - a ring of flight
 v - the ring of the Festooned God {Drain rElec rF+ EV+5 Dex+4}
   (You found it on level 5 of the Vaults)

   [ring of evasion]

   EV:        It affects your evasion (+5).
   Dex:       It affects your dexterity (+4).
   rF:        It protects you from fire.
   rElec:     It insulates you from electricity.
   Drain:     It drains your maximum health when unequipped.
 C - the ring "Seah" (left hand) {rElec Will+ Str-4 Dex+3}
   (You found it on level 3 of the Elven Halls)

   [ring of willpower]

   Str:       It affects your strength (-4).
   Dex:       It affects your dexterity (+3).
   rElec:     It insulates you from electricity.
   Will:      It increases your willpower.
 E - a ring of willpower
 F - the amulet "Inubopn" (around neck) {Reflect Dex+4 SH+5}
   (You acquired it on level 1 of the Vaults)

   [amulet of reflection]

   It reflects blocked missile attacks.
   Dex:       It affects your dexterity (+4).
   SH:        It affects your SH (+5).
 G - a +6 ring of strength (right hand)
 H - a ring of see invisible
 Y - a ring of positive energy
Wands
 r - a wand of mindburst (30)
 y - a wand of acid (35)
 M - a wand of polymorph (33)
 P - a wand of paralysis (46)
 Q - a wand of digging (18)
 U - a wand of roots (68)
Scrolls
 f - 9 scrolls of magic mapping
 i - 2 scrolls of brand weapon
 m - 2 scrolls of enchant armour
 t - 14 scrolls of teleportation
 B - 3 scrolls of blinking
 D - 6 scrolls of poison
 K - 9 scrolls of fog
 L - 8 scrolls of fear
 X - a scroll of enchant weapon
Potions
 c - 22 potions of curing
 d - 5 potions of might
 h - 6 potions of heal wounds
 k - a potion of berserk rage
 l - 5 potions of resistance
 o - 8 potions of lignification
 u - 8 potions of mutation
 x - 7 potions of haste
 A - 5 potions of invisibility
 I - 10 potions of attraction
 N - 5 potions of cancellation
Miscellaneous
 e - a phial of floods
 J - a lightning rod (4/4)


   Skills:
 - Level 26.0 Fighting
 - Level 26.0 Axes
 + Level 16.7 Throwing
 - Level 26.0 Armour
 + Level 13.2 Dodging
 + Level 9.3 Stealth
 - Level 24.0 Shields
 - Level 13.0 Invocations
 - Level 10.0 Evocations


You had 25 spell levels left.
You didn't know any spells.
Your spell library contained the following spells:

 Spells                   Type           Power      Damage    Failure   Level
 Apportation              Tloc           0%         N/A       95%         1
 Beastly Appendage        Tmut           0%         N/A       95%         1
 Magic Dart               Conj           0%         1d3       95%         1
 Sandblast                Erth           0%         2d4       95%         1
 Shock                    Conj/Air       0%         1d3       95%         1
 Sting                    Tmut/Pois      0%         1d3       95%         1
 Blink                    Tloc           0%         N/A       99%         2
 Cigotuvi's Dreadful Rot  Necr/Pois/Air  0%         N/A       99%         2
 Ensorcelled Hibernation  Hex/Ice        0%         N/A       99%         2
 Lesser Beckoning         Tloc           0%         N/A       99%         2
 Momentum Strike          Conj/Tloc      0%         3d8       99%         2
 Passwall                 Tmut/Erth      0%         N/A       99%         2
 Poisonous Vapours        Pois/Air       0%         N/A       99%         2
 Searing Ray              Conj           0%         2d4       99%         2
 Static Discharge         Conj/Air       0%         2-2/arc   99%         2
 Wereblood                Tmut           0%         N/A       99%         2
 Confusing Touch          Hex            0%         N/A       100%        3
 Dazzling Flash           Conj/Hex       0%         N/A       100%        3
 Ignite Poison            Fire/Tmut/Pois 0%         N/A       100%        3
 Inner Flame              Hex/Fire       0%         N/A       100%        3
 Mephitic Cloud           Conj/Pois/Air  0%         N/A       100%        3
 Ozocubu's Armour         Ice            0%         N/A       100%        3
 Spider Form              Tmut/Pois      0%         N/A       100%        3
 Stone Arrow              Conj/Erth      0%         3d7       100%        3
 Swiftness                Air            0%         N/A       100%        3
 Vhi's Electric Charge    Tloc/Air       0%         N/A       100%        3
 Volatile Blastmotes      Fire/Tloc      0%         2d10      100%        3
 Airstrike                Air            0%         2d(0-16)  100%        4
 Anguish                  Hex/Necr       0%         N/A       100%        4
 Cause Fear               Hex            0%         N/A       100%        4
 Fulminant Prism          Conj/Hex       0%         3d5       100%        4
 Iskenderun's Mystic Bla  Conj/Tloc      0%         2d3       100%        4
 Manifold Assault         Tloc           0%         N/A       100%        4
 Olgreb's Toxic Radiance  Pois           0%         N/A       100%        4
 Sticky Flame             Conj/Fire      0%         2d3       100%        4
 Agony                    Necr           0%         N/A       100%        5
 Alistair's Intoxication  Tmut/Pois      0%         N/A       100%        5
 Arcjolt                  Conj/Air       0%         1d10      100%        5
 Blade Hands              Tmut           0%         N/A       100%        5
 Fireball                 Conj/Fire      0%         3d3       100%        5
 Freezing Cloud           Conj/Ice/Air   0%         6-21      100%        5
 Irradiate                Conj/Tmut      0%         3d11      100%        5
 Iskenderun's Battlesphe  Conj           0%         2d6       100%        5
 Lee's Rapid Deconstruct  Erth           0%         3d4*      100%        5
 Metabolic Englaciation   Hex/Ice        0%         N/A       100%        5
 Silence                  Hex/Air        0%         N/A       100%        5
 Yara's Violent Unravell  Hex/Tmut       0%         3d3       100%        5
 Conjure Ball Lightning   Conj/Air       0%         3x3d6     100%        6
 Iron Shot                Conj/Erth      0%         9d1       100%        6
 Plasma Beam              Fire/Air       0%         2x1d11    100%        6
 Dragon Form              Tmut           0%         N/A       100%        7
 Enfeeble                 Hex            0%         N/A       100%        7
 Orb of Destruction       Conj           0%         9d5       100%        7
 Ozocubu's Refrigeration  Ice            0%         4d7       100%        7
 Storm Form               Tmut/Air       0%         N/A       100%        7
 Discord                  Hex            0%         N/A       100%        8
 Ignition                 Fire           0%         3d3       100%        8
 Polar Vortex             Ice            0%         N/A       100%        9
 Summon Ice Beast         Ice/Summ       Unusable   N/A       N/A         4
 Summon Lightning Spire   Summ/Air       Unusable   N/A       N/A         4
 Simulacrum               Ice/Necr       Unusable   N/A       N/A         6
 Summon Cactus Giant      Summ           Unusable   N/A       N/A         6
 Spellforged Servitor     Conj/Summ      Unusable   N/A       N/A         7

Dungeon Overview and Level Annotations

Branches:
Dungeon (15/15)            Temple (1/1) D:7            Lair (5/5) D:11
 Shoals (4/4) Lair:3       Spider (4/4) Lair:2        Slime (0/5) Lair:4
    Orc (2/2) D:9             Elf (3/3) Orc:2        Vaults (5/5) D:13
  Crypt (0/3) Vaults:2     Depths (4/4) D:15            Zot (5/5) Depths:4
  Sewer (visited)

Altars:
Ashenzari
Cheibriados
Dithmenos
Gozag
Hepliaklqana
Kikubaaqudgha
Makhleb
Nemelex Xobeh
Okawaru
Qazlal
Sif Muna
Trog
Uskayaw
Vehumet
Wu Jian
Zin
The Shining One

Shops:
D:15 !   Orc:2 :=[(   Elf:2 !   Shoals:1 [   Shoals:3 =   Vaults:1 ?
Vaults:3 !   Vaults:4 *[   Depths:1 **

Portals:
Hell: Depths:1 Depths:2 Depths:3 Depths:4
Abyss: D:13 Depths:2 Depths:3
Pandemonium: Depths:2 Depths:3
Ziggurat: Depths:2
Trove: D:10 (give +2 fire dragon scales)

Annotations:
D:13 2 transporters, diceflayer's ghost, journeyman MiFi
Lair:1 1 runed translucent door, exclusions: door and 1 more exclusion, dragonscale333's ghost, journeyman MfIE
Shoals:1 Roxanne
Shoals:3 1 runed translucent door, coenern's ghost, adept GnWn
Spider:4 1 runed translucent door, adept's ghost, adept FoHu
Orc:1 3 runed translucent doors, Keeluq's ghost, journeyman GrEE; Ubynk's ghost, journeyman TrGl; astronautguy's ghost, journeyman GrMo
Depths:1 exclusion: reaper
Depths:2 exclusions: downstairs and 4 more exclusions


Innate Abilities, Weirdness & Mutations

You have a pair of horns on your head.
You reflexively headbutt those who attack you in melee.
You are clumsy. (Dex -2)


Message History

There is a stone staircase leading up here.
You climb upwards.
There is a stone staircase leading down here.
(D) Dungeon (T) Temple (L) Lair (A) Shoals (N) Spider Nest (M) Slime Pits (O) Orcish Mines (E) Elven Halls (V) Vaults (C) Crypt (U) Depths (H) Hell (Z) Zot
Where to? (Enter - D:1 @ (x,y), ? - help)
There is a stone staircase leading up here.
You climb upwards.
There is a stone staircase leading down here.
You see here a +0 shortbow.
There is a stone staircase leading up here.
You climb upwards.
There is a stone staircase leading down here.
An Orb Guardian comes into view.
There is a stone staircase leading up here.
You climb upwards.
There is a stone staircase leading down here.
There is a stone staircase leading up here.
You climb upwards.
There is a stone staircase leading down here.
There is a stone staircase leading up here.
You climb upwards.
There is a stone staircase leading down here.
There is an escape hatch in the ceiling here.
A mysterious force pulls you upwards. The hatch slams shut behind you.
(D) Dungeon (T) Temple (L) Lair (A) Shoals (N) Spider Nest (M) Slime Pits (O) Orcish Mines (E) Elven Halls (V) Vaults (C) Crypt (U) Depths (H) Hell (Z) Zot
Where to? (Enter - D:1 @ (x,y), ? - help)
You see here a +0 robe.
There is a stone staircase leading up here.
You climb upwards.
There is a stone staircase leading down here.
There is a staircase leading out of the dungeon here.
An Orb Guardian comes into view.
There is a staircase leading out of the dungeon here.
You have escaped!

...#...##.....##############.#
####...##.............###....#
.......+................'....#
####...##.............###....#
.........#####[.......# #....#
########.# ###.######## #....#
#........###...#.########....##
#.########.........X...##.....###
..# #....##..@..##...#.....#..
..# #..#####...####........#.#
..# ##.## ##.## ####.....#.#
#.#####..# ##...## #.....#.#
....#...## ##.....######.....#.#
).....#..## #.......##.##.....#.#
....####..###.##....##........#.#
....####......###...##........#.#
......###.....###.............#..


You could see an Orb Guardian.

Vanquished Creatures
  4 dread liches
  4 ancient liches
  2 orbs of fire (Zot:5)
  Mennas (Vaults:3)
  3 juggernauts
  Boris (Vaults:3)
  Josephina (Zot:1)
  2 caustic shrikes
  3 Killer Klowns (Zot:5)
  12 golden dragons
  3 bone dragons
  3 electric golems
  2 Tzitzimimeh (Zot:2)
  2 hellephants
  3 doom hounds (Zot:2)
  A walking earthen tome (Depths:4)
  10 quicksilver dragons
  20 tentacled monstrosities
  2 liches
  A walking crystal tome (Depths:3)
  A walking frostbound tome (Depths:3)
  4 titans
  26 Orb Guardians (Zot:5)
  A deep elf blademaster (Elf:3)
  A kraken (Shoals:2)
  Grunn (Zot:2)
  An ancient champion (Depths:2)
  9 death cobs
  2 tentacled starspawn (Abyss:3)
  11 sphinxes
  3 deep elf master archers (Elf:3)
  2 walking divine tomes
  10 tengu reavers
  17 shadow dragons
  13 storm dragons
  5 draconian monks
  Donald (Shoals:1)
  8 draconian knights
  13 frost giants
  Aizul (Elf:3)
  14 fire giants
  6 deep elf sorcerers
  An iron dragon (Vaults:5)
  6 ghost moths
  A balrug (Depths:3)
  5 draconian shifters
  25 vault wardens
  A draconian scorcher (Zot:3)
  11 emperor scorpions
  5 orc warlords
  3 draconian stormcallers
  A quicksilver ooze (shapeshifter) (Vaults:5)
  3 war gargoyles
  4 reapers
  26 ironbound preservers
  10 deep elf elementalists (Elf:3)
  6 spriggan defenders
  Nessos (Lair:4)
  8 draconian annihilators
  9 ironbound thunderhulks
  4 vampire knights
  4 broodmothers
  16 stone giants
  11 green draconians
  18 very ugly things
  8 deep elf demonologists
  14 white draconians
  9 deep elf annihilators
  14 red draconians
  9 black draconians
  An eidolon (Abyss:3)
  A minotaur (Shoals:4)
  15 purple draconians
  9 yellow draconians
  5 spark wasps
  7 dire elephants
  5 deep elf death magi (Elf:3)
  A crystal guardian (Vaults:2)
  20 ettins
  A merfolk javelineer (Shoals:4)
  13 fire dragons
  A blizzard demon (Zot:3)
  15 yaktaur captains
  7 deep elf high priests
  8 entropy weavers
  5 merfolk impalers
  A hell beast (Depths:2)
  6 great orbs of eyes
  33 vault guards
  4 hydras
  11 ice dragons
  11 ironbound frosthearts
  3 rakshasas
  8 ogre magi
  3 peacekeepers
  6 spriggan air magi
  5 jorogumos
  7 satyrs
  A radroach (Spider:3)
  An alligator snapping turtle (Shoals:3)
  A merfolk aquamancer (Shoals:3)
  A merfolk avatar (Shoals:2)
  12 boulder beetles
  30 dancing weapons
  Erica (D:11)
  2 death knights
  2 catoblepae
  25 two-headed ogres
  8 tengu warriors
  10 centaur warriors
  5 deep troll earth magi
  8 death yaks (Lair:5)
  9 deep troll shamans
  2 hell hogs
  A vampire mage (Vaults:2)
  A thrashing horror (Abyss:3)
  Nergalle (D:11)
  6 spriggan berserkers
  Urug (D:11)
  2 soul eaters (Zot:5)
  5 hell knights (Depths:1)
  2 sun demons
  Sonja (Lair:1)
  4 skysharks
  2 wretched stars (Abyss:3)
  19 deep elf knights
  A fire crab (Lair:4)
  4 iron trolls
  5 pharaoh ants
  14 skeletal warriors
  A swamp dragon (Zot:4)
  10 orb spiders
  17 sea snakes
  An obsidian statue (Zot:5)
  16 ironbound convokers
  4 flayed ghosts
  9 wizards
  3 sun moths
  6 glowing orange brains
  A quicksilver dragon simulacrum (Depths:2)
  67 deep trolls
  11 lindwurms
  5 phantasmal warriors
  8 deep elf archers
  18 harpies
  32 deep elf zephyrmancers
  A tengu skeleton (Vaults:2)
  7 orc sorcerers
  4 necromancers
  16 orc knights
  30 deep elf pyromancers
  11 steelbarb worms
  14 ugly things
  16 fauns
  15 cyclopes
  23 manticores
  A worldbinder (Abyss:3)
  17 wolf spiders
  4 large abominations (Abyss:3)
  A fire giant skeleton (Vaults:4)
  26 moths of wrath
  8 black mambas
  9 merfolk sirens
  18 elephants
  14 demonic crawlers
  2 human skeletons
  A guardian serpent (Abyss:3)
  6 torpor snails
  17 vault sentinels
  A storm dragon simulacrum (Zot:1)
  2 water nymphs
  13 cane toads
  2 smoke demons
  An eye of devastation (shapeshifter) (Vaults:5)
  6 orange demons (D:14)
  3 unseen horrors
  9 komodo dragons
  2 kobold demonologists (D:13)
  A tormentor (D:9)
  An efreet (D:13)
  2 ice devils (D:12)
  3 freezing wraiths
  Psyche (D:8)
  5 rime drakes
  A komodo dragon (shapeshifter) (Elf:1)
  29 yaktaurs
  3 ancient zymes (Abyss:3)
  4 tengu conjurers
  3 red devils (D:14)
  16 merfolk
  3 polar bears
  6 meliai
  A meliai (shapeshifter) (Vaults:5)
  8 trolls
  A hornet (shapeshifter) (Elf:2)
  5 raiju (Abyss:3)
  10 wind drakes
  4 tyrant leeches (Spider:3)
  14 blink frogs
  A shadow dragon simulacrum (Vaults:4)
  A hornet (Depths:2)
  11 snapping turtles
  An ettin zombie (Vaults:4)
  27 tarantellas
  21 dream sheep
  A tarantella (shapeshifter) (D:13)
  23 jumping spiders
  A stone giant simulacrum (Vaults:2)
  4 centaur simulacra
  A flying skull (Vaults:2)
  25 slime creatures
  12 water elementals
  2 shadows
  4 fire elementals
  A spriggan (Depths:2)
  2 spriggans (shapeshifter)
  29 culicivoras
  An elf zombie (Vaults:4)
  A ynoxinul (Abyss:3)
  6 wyverns
  8 basilisks
  48 yaks
  21 humans (D:13)
  A golden eye (Abyss:3)
  A wraith (Vaults:2)
  A basilisk (shapeshifter) (Spider:1)
  46 redbacks
  A swamp worm (shapeshifter) (Depths:2)
  10 wargs
  4 acid dragons
  17 water moccasins
  A water moccasin (shapeshifter) (Depths:3)
  A floating eye (shapeshifter) (Elf:3)
  2 moth of wrath simulacra (Zot:1)
  2 black bears (shapeshifter)
  29 orc warriors
  9 ice beasts
  A sky beast (D:6)
  2 black bears
  A meliai simulacrum (D:15)
  36 ogres
  An ettin simulacrum (Vaults:2)
  A boggart (Vaults:2)
  6 wolves
  12 centaurs
  A phantom (D:6)
  14 kobold brigands
  8 gnoll sergeants
  6 scorpions
  13 bullfrogs
  5 earth elementals
  16 killer bees
  2 electric eels
  4 howler monkeys
  6 hounds
  12 orc priests
  2 gnoll boudas (D:8)
  11 jellies (Lair:4)
  An iron imp (D:5)
  A sleepcap (D:4)
  Jessica (D:3)
  Ijyb (D:3)
  8 iguanas
  11 hell rats
  27 orc wizards
  A boggart simulacrum (D:15)
  Robin (D:3)
  2 river rats (Sewer)
  8 adders
  45 gnolls
  5 white imps
  An ufetubus (D:5)
  11 worms
  3 dart slugs
  73 orcs
  7 ball pythons
  16 endoplasms
  2 giant cockroaches
  13 goblins
  8 hobgoblins
  8 jackals
  15 kobolds
  8 quokkas
  6 bats
  3 frilled lizards
  29 rats
  A rat (shapeshifter) (Vaults:5)
  2 bushes (Lair:5)
  2 lurking horrors (Abyss:3)
  A starspawn tentacle (Abyss:3)
  3 tentacles (Shoals:2)
2353 creatures vanquished.

Vanquished Creatures (others)
  3 fire giants
  A storm dragon simulacrum (Zot:1)
  8 bushes (Lair:5)
  32 fungi
  115 plants
  2 starspawn tentacles (Abyss:3)
  5 tentacles (Shoals:2)
166 creatures vanquished.

Grand Total: 2519 creatures vanquished

Notes
Turn   | Place    | Note
-------+----------+-------------------------------------------
     0 | D:1      | harpo the Minotaur Fighter began the quest for the Orb.
     0 | D:1      | Reached XP level 1. HP: 19/19 MP: 0/0
   148 | D:1      | Reached XP level 2. HP: 27/27 MP: 1/1
  1127 | D:2      | Reached XP level 3. HP: 32/33 MP: 2/2
  1638 | D:2      | Found a faded altar of an unknown god.
  2025 | D:3      | Noticed Robin
  2034 | D:3      | Reached XP level 4. HP: 38/40 MP: 3/3
  2047 | D:3      | Killed Robin
  2203 | D:3      | Found a glowing drain.
  2208 | Sewer    | Entered a sewer
  2258 | Sewer    | Noticed a kobold brigand
  2278 | Sewer    | Killed a kobold brigand
  2279 | Sewer    | Reached XP level 5. HP: 26/47 MP: 4/4
  2526 | Sewer    | Reached skill level 5 in Axes
  2526 | Sewer    | Reached skill level 5 in Shields
  2526 | Sewer    | Reached XP level 6. HP: 35/55 MP: 5/5
  2674 | Sewer    | Reached skill level 5 in Fighting
  2674 | Sewer    | Reached skill level 5 in Armour
  3039 | Sewer    | Reached XP level 7. HP: 61/61 MP: 6/6
  3514 | D:3      | Noticed Jessica
  3520 | D:3      | Killed Jessica
  4056 | D:3      | Noticed Ijyb
  4072 | D:3      | Killed Ijyb
  4406 | D:4      | Reached skill level 1 in Throwing
  4463 | D:4      | Reached XP level 8. HP: 70/70 MP: 7/7
  5222 | D:5      | Entered Level 5 of the Dungeon
  5514 | D:5      | Found an opulent altar of Gozag.
  5514 | D:5      | Found a glowing silver altar of Zin.
  6090 | D:5      | Identified the +0 robe of the Distant Future {Int+3}
  6339 | D:5      | Reached XP level 9. HP: 67/79 MP: 8/8
  6535 | D:5      | Found a snail-covered altar of Cheibriados.
  7750 | D:7      | Identified the +9 whip of Pride {venom, Int+2}
  7841 | D:7      | Found a staircase to the Ecumenical Temple.
  7865 | Temple   | Entered the Ecumenical Temple
  7878 | Temple   | Became a worshipper of Warmaster Okawaru
  7907 | D:7      | Reached skill level 10 in Axes
  8125 | D:7      | Reached skill level 1 in Dodging
  8817 | D:8      | Reached * piety under Okawaru
  8937 | D:8      | Reached XP level 10. HP: 69/90 MP: 6/9
  9146 | D:8      | Reached ** piety under Okawaru
  9179 | D:8      | Found a broken altar of Ashenzari.
  9258 | D:8      | Noticed Psyche
  9262 | D:8      | Killed Psyche
  9695 | D:9      | Noticed a two-headed ogre
  9711 | D:9      | Killed a two-headed ogre
  9712 | D:9      | Reached skill level 1 in Invocations
 10029 | D:9      | Reached *** piety under Okawaru
 10216 | D:9      | Reached skill level 10 in Armour
 10399 | D:9      | Found a staircase to the Orcish Mines.
 10415 | D:9      | Reached skill level 10 in Fighting
 10473 | D:9      | Reached XP level 11. HP: 44/100 MP: 12/12
 10683 | D:10     | Entered Level 10 of the Dungeon
 10709 | D:10     | Found a glowing golden altar of the Shining One.
 10991 | D:10     | Reached **** piety under Okawaru
 11351 | D:10     | Found a portal to a secret trove of treasure.
 11504 | D:11     | Noticed Nergalle
 11524 | D:11     | Killed Nergalle
 11527 | D:11     | Reached ***** piety under Okawaru
 11677 | D:11     | Noticed Erica
 11704 | D:11     | Killed Erica
 11705 | D:11     | Reached skill level 5 in Invocations
 11772 | D:11     | Noticed Urug
 11791 | D:11     | Killed Urug
 12066 | D:11     | Found a staircase to the Lair.
 12567 | D:12     | Noticed a two-headed ogre
 12595 | Lair:1   | Entered Level 1 of the Lair of Beasts
 12739 | D:11     | Reached ****** piety under Okawaru
 12740 | D:11     | Reached skill level 1 in Evocations
 12746 | D:11     | Reached XP level 12. HP: 68/112 MP: 14/14
 12890 | Lair:1   | Found a runed translucent door.
 12896 | Lair:1   | Noticed dragonscale333's ghost (journeyman MfIE)
 12924 | Lair:1   | Received a gift from Okawaru
 13629 | Lair:1   | Received a gift from Okawaru
 13915 | Lair:1   | Noticed Sonja
 13930 | Lair:1   | Killed Sonja
 13931 | Lair:1   | Reached skill level 10 in Shields
 14580 | Lair:2   | Found a hole to the Spider Nest.
 15708 | Lair:2   | Identified a scroll of acquirement
 15708 | Lair:2   | Acquired a +3 broad axe of flaming
 16364 | Lair:3   | Reached XP level 13. HP: 123/123 MP: 17/17
 16523 | Lair:3   | Found a staircase to the Shoals.
 16540 | Lair:3   | Received a gift from Okawaru
 16746 | Lair:3   | Received a gift from Okawaru
 16942 | Lair:4   | You fall into a shaft and drop 1 floor!
 16942 | Lair:5   | Entered Level 5 of the Lair of Beasts
 17658 | Lair:4   | Identified the +3 crystal plate armour of Discretion {rElec
                  | Str+3 Int+2 SInv} (Okawaru gifted it to you on level 4 of
                  | the Lair of Beasts)
 17658 | Lair:4   | Received a gift from Okawaru
 17859 | Lair:4   | Noticed Nessos
 17870 | Lair:4   | Killed Nessos
 17989 | Lair:4   | Found a staircase to the Slime Pits.
 18158 | Lair:4   | Reached skill level 15 in Fighting
 19432 | Lair:5   | Received a gift from Okawaru
 19433 | Lair:5   | Reached XP level 14. HP: 117/135 MP: 19/19
 19573 | Lair:5   | Reached skill level 5 in Throwing
 19910 | Lair:5   | Received a gift from Okawaru
 19911 | Lair:5   | Reached skill level 15 in Axes
 19988 | Lair:5   | Reached skill level 5 in Evocations
 20015 | Lair:5   | Identified the +4 gold dragon scales of Itiehix {rPois rF+
                  | rC+ Regen+} (Okawaru gifted it to you on level 5 of the
                  | Lair of Beasts)
 20015 | Lair:5   | Received a gift from Okawaru
 20901 | Orc:1    | Entered Level 1 of the Orcish Mines
 22645 | Orc:1    | Found a runed translucent gate.
 22646 | Orc:1    | Found a runed translucent gate.
 22647 | Orc:1    | Found a runed translucent gate.
 22648 | Orc:1    | Noticed Keeluq's ghost (journeyman GrEE)
 22648 | Orc:1    | Noticed astronautguy's ghost (journeyman GrMo)
 22648 | Orc:1    | Noticed Ubynk's ghost (journeyman TrGl)
 22773 | Orc:2    | Entered Level 2 of the Orcish Mines
 22884 | Orc:2    | Noticed an orc warlord
 23019 | Orc:2    | Killed an orc warlord
 23179 | Orc:2    | Found a staircase to the Elven Halls.
 23510 | Orc:1    | Identified the +2 cloak of Cowardice {Dex+3} (Okawaru
                  | gifted it to you on level 1 of the Orcish Mines)
 23510 | Orc:1    | Received a gift from Okawaru
 23587 | Orc:1    | Reached skill level 15 in Armour
 23642 | Orc:1    | Reached XP level 15. HP: 148/148 MP: 20/20
 23789 | Orc:2    | Found Otwuigae's Antique Weapon Boutique.
 23789 | Orc:2    | Found Waapn's Jewellery Shoppe.
 23789 | Orc:2    | Found Rupnen's Armour Shoppe.
 23789 | Orc:2    | Found Vuxzugie's Book Shop.
 25353 | D:13     | Found a transporter.
 25472 | D:13     | Found a transporter.
 25489 | D:13     | Found a one-way gate to the infinite horrors of the Abyss.
 25489 | D:13     | Noticed diceflayer's ghost (journeyman MiFi)
 25519 | D:13     | You fall into a shaft and drop 1 floor!
 25854 | D:14     | Identified the +1 scale mail of Liberty {+Inv rPois rF+++
                  | Str-5} (Okawaru gifted it to you on level 14 of the
                  | Dungeon)
 25854 | D:14     | Received a gift from Okawaru
 26315 | D:13     | Identified the +1 pair of boots of the Hanged Man {rPois
                  | rC- Will+}
 26340 | D:13     | Identified the +8 chain mail "Niatusur" {rCorr}
 26921 | D:13     | Found a gate to the Vaults.
 27156 | D:14     | Identified the +4 spear "Nynis" {freeze, rPois Will+}
 27693 | D:15     | Entered Level 15 of the Dungeon
 27833 | D:15     | Found a stormy altar of Qazlal.
 28020 | D:15     | Found a staircase to the Depths.
 28080 | D:14     | Reached XP level 16. HP: 151/161 MP: 21/21
 28095 | D:14     | Received a gift from Okawaru
 28708 | D:15     | Found a shadowy altar of Dithmenos.
 28744 | D:15     | Found Weka Fop's Distillery.
 28748 | D:15     | Bought a potion of might for 68 gold pieces
 28748 | D:15     | Bought a potion of cancellation for 136 gold pieces
 28748 | D:15     | Bought a potion of haste for 170 gold pieces
 28814 | D:15     | Reached skill level 15 in Shields
 29000 | D:15     | Identified the +4 chain mail of Ovatiow {rC- Will++ Regen+
                  | Str+3} (Okawaru gifted it to you on level 15 of the
                  | Dungeon)
 29000 | D:15     | Received a gift from Okawaru
 29302 | Spider:1 | Entered Level 1 of the Spider Nest
 31448 | Spider:1 | Identified the +0 robe "Wod Pehupai" {rF- Str+3 SInv}
                  | (Okawaru gifted it to you on level 1 of the Spider Nest)
 31448 | Spider:1 | Received a gift from Okawaru
 32264 | Spider:2 | Acquired the +2 cloak of the Hidden Vale {+Blink rF+++
                  | Dex-3 Stlth-}
 32569 | Spider:3 | Reached skill level 5 in Dodging
 32571 | Spider:3 | Reached XP level 17. HP: 169/170 MP: 23/23
 32952 | Spider:3 | Reached skill level 10 in Invocations
 33853 | Spider:4 | Entered Level 4 of the Spider Nest
 34801 | Spider:4 | Received a gift from Okawaru
 34988 | Spider:4 | Identified the +0 pair of gloves of Wiemiu {Dex+5 Stlth-}
                  | (Okawaru gifted it to you on level 4 of the Spider Nest)
 34988 | Spider:4 | Received a gift from Okawaru
 35398 | Spider:4 | Found a runed translucent door.
 35398 | Spider:4 | Noticed adept's ghost (adept FoHu)
 35564 | Spider:4 | Got a gossamer rune of Zot
 36231 | Shoals:1 | Entered Level 1 of the Shoals
 36641 | Shoals:1 | Identified the +5 kite shield of the Buccaneer {Dex+6}
 36641 | Shoals:1 | Noticed Donald
 36656 | Shoals:1 | Killed Donald
 36713 | Shoals:1 | Found Uskusegh's Armour Emporium.
 37027 | Shoals:1 | Identified Roxanne's Tome of Transfiguration
 37027 | Shoals:1 | Noticed Roxanne
 37769 | Shoals:2 | Reached XP level 18. HP: 182/182 MP: 25/25
 38408 | Shoals:2 | Identified the +6 long sword of Kovux {antimagic, *Rage
                  | Will+ Int+3 Dex+3}
 38477 | Shoals:2 | Identified the scarf of the Lost Deaths {harm, rN+ Int-4
                  | Dex+3} (Okawaru gifted it to you on level 2 of the Shoals)
 38477 | Shoals:2 | Received a gift from Okawaru
 39075 | Shoals:3 | Noticed coenern's ghost (adept GnWn)
 39075 | Shoals:3 | Found a runed translucent door.
 39215 | Shoals:3 | Found Byliwn's Jewellery Emporium.
 39219 | Shoals:3 | Bought an amulet of guardian spirit for 540 gold pieces
 40541 | Shoals:4 | Entered Level 4 of the Shoals
 40826 | Shoals:4 | Identified the +7 mace "Impbane" {freeze, SInv} (Okawaru
                  | gifted it to you on level 4 of the Shoals)
 40826 | Shoals:4 | Received a gift from Okawaru
 40931 | Shoals:4 | Got a barnacled rune of Zot
 41115 | Shoals:4 | Identified the +7 great mace of the Bouncing Songs {drain,
                  | rPois Str+6 Stlth-}
 41136 | Shoals:4 | Identified the +4 quarterstaff of Ru's Pride {flame, rPois
                  | Will+++ Str-2 Dex-5}
 41180 | Shoals:4 | Got the Compendium of Hindering Companions
 41820 | Depths:1 | Entered Level 1 of the Depths
 41979 | Depths:1 | Found Inix's Assorted Antiques.
 42010 | Depths:1 | Found Takh's General Store.
 42012 | Depths:1 | Bought a scroll of teleportation for 105 gold pieces
 42012 | Depths:1 | Bought a wand of digging (4) for 588 gold pieces
 42012 | Depths:1 | Bought a potion of heal wounds for 175 gold pieces
 42012 | Depths:1 | Bought a scroll of enchant weapon for 262 gold pieces
 42239 | Depths:1 | Reached XP level 19. HP: 168/191 MP: 27/27
 42329 | Depths:1 | Received a gift from Okawaru
 42477 | Depths:1 | Received a gift from Okawaru
 42859 | Depths:1 | Received a gift from Okawaru
 43200 | Depths:1 | Found a gateway to Hell.
 43634 | Depths:2 | Found a one-way gate leading to the halls of Pandemonium.
 43657 | Depths:2 | Found a one-way gateway to a ziggurat.
 43660 | Depths:2 | Paralysed by a floating eye for 3 turns
 43680 | Depths:2 | Paralysed by a floating eye for 3 turns
 43685 | Depths:2 | Noticed a juggernaut
 43685 | Depths:2 | Noticed a caustic shrike
 43707 | Depths:2 | Killed a caustic shrike
 44611 | Depths:2 | Killed a juggernaut
 45072 | Depths:2 | Received a gift from Okawaru
 45081 | Depths:2 | Identified the +0 leather armour "Munic" {+Inv Int+4}
 45677 | Depths:3 | Noticed a golden dragon
 45691 | Depths:3 | Killed a golden dragon
 45702 | Depths:3 | Received a gift from Okawaru
 45718 | Depths:3 | Reached XP level 20. HP: 94/194 MP: 28/28
 45765 | Depths:3 | Noticed a caustic shrike
 45773 | Depths:3 | Killed a caustic shrike
 45898 | Depths:3 | Received a gift from Okawaru
 45940 | Depths:3 | Noticed a juggernaut
 45959 | Depths:3 | Killed a juggernaut
 46038 | Depths:3 | Reached skill level 10 in Throwing
 46316 | Depths:3 | Received a gift from Okawaru
 46334 | Depths:3 | Lost intelligence.
 46341 | Depths:3 | Received a gift from Okawaru
 46912 | Depths:3 | Received a gift from Okawaru
 46917 | Depths:3 | Noticed a golden dragon
 46926 | Depths:3 | Received a gift from Okawaru
 46930 | Depths:3 | Noticed a juggernaut
 46933 | Depths:3 | Killed a golden dragon
 46946 | Depths:3 | Killed a juggernaut
 46946 | Depths:3 | Identified the +0 crystal plate armour of Muttered Phrases
                  | {rF+ rN+ Will-} (Okawaru gifted it to you on level 3 of the
                  | Depths)
 46946 | Depths:3 | Received a gift from Okawaru
 47047 | Depths:3 | Noticed a golden dragon
 47061 | Depths:3 | Killed a golden dragon
 47688 | Depths:4 | Entered Level 4 of the Depths
 48532 | Depths:4 | Reached XP level 21. HP: 179/212 MP: 16/29
 48773 | Depths:4 | Noticed a golden dragon
 48795 | Depths:4 | Killed a golden dragon
 48986 | Depths:4 | Found a gate to the Realm of Zot.
 49755 | Vaults:1 | Entered Level 1 of the Vaults
 49857 | Vaults:1 | Received a gift from Okawaru
 49931 | Vaults:1 | Received a gift from Okawaru
 50198 | Vaults:1 | Received a gift from Okawaru
 50199 | Vaults:1 | Found Beadiuno's Magic Scroll Shoppe.
 50208 | Vaults:1 | Bought a scroll of enchant weapon for 105 gold pieces
 50208 | Vaults:1 | Bought a scroll of teleportation for 42 gold pieces
 50208 | Vaults:1 | Acquired the amulet "Inubopn" {Reflect Dex+4 SH+5}
 50407 | Vaults:1 | Identified the +0 crystal plate armour "Jowudukh" {Slay+5}
                  | (Okawaru gifted it to you on level 1 of the Vaults)
 50407 | Vaults:1 | Received a gift from Okawaru
 52076 | Vaults:2 | Reached XP level 22. HP: 221/221 MP: 30/30
 52858 | Vaults:2 | Found a staircase to the Crypt.
 53134 | Vaults:3 | Identified the +0 ice dragon scales of Ylufugoa {rElec rF-
                  | rC++ SInv} (Okawaru gifted it to you on level 3 of the
                  | Vaults)
 53134 | Vaults:3 | Received a gift from Okawaru
 53210 | Vaults:3 | Found a transporter.
 53214 | Vaults:3 | Found Meklastru's Distillery.
 53217 | Vaults:3 | Found a transporter.
 53271 | Vaults:3 | Bought a potion of lignification for 63 gold pieces
 53271 | Vaults:3 | Bought a potion of heal wounds for 105 gold pieces
 53271 | Vaults:3 | Bought a potion of heal wounds for 105 gold pieces
 53271 | Vaults:3 | Bought a potion of heal wounds for 105 gold pieces
 53389 | Vaults:3 | Noticed Mennas
 53398 | Vaults:3 | Killed Mennas
 53776 | Vaults:3 | Noticed Boris
 53790 | Vaults:3 | Killed Boris
 54458 | Vaults:4 | Identified the +0 robe "Put-Me-On" {rCorr} (Okawaru gifted
                  | it to you on level 4 of the Vaults)
 54458 | Vaults:4 | Received a gift from Okawaru
 54716 | Vaults:4 | Found Eppagh's General Store.
 54720 | Vaults:4 | Bought a potion of haste for 110 gold pieces
 54974 | Vaults:4 | Found Ureot's Armour Shop.
 55005 | Vaults:4 | Bought a +2 pair of boots of stealth for 451 gold pieces
 55783 | Elf:1    | Entered Level 1 of the Elven Halls
 56341 | Abyss:3  | Cast into level 3 of the Abyss (a deep elf sorcerer)
 56394 | Abyss:3  | Found a corrupted altar of Lugonu.
 56618 | Abyss:3  | Noticed an ancient lich
 56635 | Abyss:3  | Killed an ancient lich
 56636 | Abyss:3  | Reached XP level 23. HP: 199/232 MP: 31/31
 56648 | Abyss:3  | Received a gift from Okawaru
 56797 | Elf:1    | Escaped the Abyss
 57400 | Elf:2    | Found Ischumy's Distillery.
 57427 | Elf:2    | Received a gift from Okawaru
 57475 | Elf:2    | Bought a potion of haste for 170 gold pieces
 57475 | Elf:2    | Bought a potion of cancellation for 136 gold pieces
 57475 | Elf:2    | Bought a potion of cancellation for 136 gold pieces
 57531 | Elf:2    | Found a shimmering blue altar of Sif Muna.
 57826 | Elf:2    | Identified the ring of Maid {rPois rC+ rCorr Dex+4}
 57848 | Elf:2    | Received a gift from Okawaru
 57878 | Elf:2    | Found a huge runed translucent gate.
 57878 | Elf:2    | Found a huge runed translucent gate.
 57878 | Elf:2    | Found a huge runed translucent gate.
 57878 | Elf:2    | Found a huge runed translucent gate.
 57882 | Elf:2    | Found a huge runed translucent gate.
 58236 | Elf:2    | Identified the +1 cloak of Dyroosh {Int+5} (Okawaru gifted
                  | it to you on level 2 of the Elven Halls)
 58236 | Elf:2    | Received a gift from Okawaru
 59069 | Elf:3    | Entered Level 3 of the Elven Halls
 59460 | Elf:3    | Received a gift from Okawaru
 59562 | Elf:3    | Identified the +1 pair of boots of the Salamander {rN+
                  | Stlth+} (Okawaru gifted it to you on level 3 of the Elven
                  | Halls)
 59562 | Elf:3    | Received a gift from Okawaru
 59597 | Elf:3    | Got Sif Muna's Secrets of White Intoxication
 59604 | Elf:3    | Identified the ring "Seah" {rElec Will+ Str-4 Dex+3}
 59607 | Elf:3    | Identified the +2 robe of the Zebra {SInv}
 59669 | Elf:3    | Identified the +6 plate armour "Hawin" {Drain rF+ Will+
                  | Int+4}
 59692 | Elf:3    | Identified the +9 flail "Udanoox" {vamp, rPois Int+4}
 59701 | Elf:3    | Identified the +1 robe of the Monkey's Uncle {Str+2}
 60061 | Elf:3    | Noticed Aizul
 60067 | Elf:3    | Killed Aizul
 60914 | Vaults:4 | You fall into a shaft and drop 1 floor!
 60914 | Vaults:5 | Entered Level 5 of the Vaults
 61267 | Vaults:5 | Identified the +7 whip "Kek Amn" {freeze, Int+2}
 61396 | Vaults:5 | Reached XP level 24. HP: 242/242 MP: 31/31
 61520 | Vaults:5 | Reached skill level 1 in Stealth
 61594 | Vaults:5 | Identified the +3 demon blade "Bodwy" {freeze, Fly rCorr}
 61594 | Vaults:5 | Identified the +2 robe of the Stone Wall {rPois}
 61717 | Vaults:5 | Identified the ring of the Festooned God {Drain rElec rF+
                  | EV+5 Dex+4}
 62308 | Vaults:5 | Received a gift from Okawaru
 62830 | Vaults:5 | Got a silver rune of Zot
 63046 | Vaults:5 | Received a gift from Okawaru
 63047 | Vaults:5 | Noticed a dread lich
 63059 | Vaults:5 | Killed a dread lich
 63103 | Vaults:5 | Identified the +12 flail of Viesuosm {elec, Int+8 Dex+2}
 63106 | Vaults:5 | Received a gift from Okawaru
 63231 | Vaults:5 | Identified the ring of Bocusy {Fly rPois MP-9 Dex+6 Slay+6}
 63443 | Vaults:5 | Noticed an ancient lich
 63450 | Vaults:5 | Killed an ancient lich
 63460 | Vaults:5 | Received a gift from Okawaru
 63575 | Vaults:5 | Reached skill level 5 in Stealth
 64092 | Zot:1    | Entered Level 1 of the Realm of Zot
 64106 | Zot:1    | Reached skill level 15 in Throwing
 64427 | Zot:1    | Reached skill level 10 in Evocations
 64461 | Zot:1    | Found the +5 scythe "Finisher" {speed, execute}
 64603 | Zot:1    | Reached XP level 25. HP: 205/247 MP: 31/31
 64691 | Zot:1    | Received a gift from Okawaru
 64785 | Zot:1    | Identified the staff of cold "Wez Qonu" {rElec rC+}
 64785 | Zot:1    | Identified the ring "Usodisuq" {Ice rPois Str+4}
 64785 | Zot:1    | Noticed Josephina
 65006 | Zot:1    | Killed Josephina
 65229 | Zot:2    | You fall into a shaft and drop 1 floor!
 66124 | Zot:2    | Noticed Grunn
 66140 | Zot:2    | Killed Grunn
 66140 | Zot:2    | Identified the +2 cloak of Caustic Curiosity {rF+} (Okawaru
                  | gifted it to you on level 2 of the Realm of Zot)
 66140 | Zot:2    | Received a gift from Okawaru
 68027 | Zot:4    | Reached skill level 10 in Dodging
 68294 | Zot:4    | Reached XP level 26. HP: 178/260 MP: 31/31
 68981 | Zot:4    | Identified the +1 robe "Vycyrr" {Will+ Regen+ Int-3}
 69152 | Zot:5    | Entered Level 5 of the Realm of Zot
 69512 | Zot:5    | Identified the +4 hand axe "Qazxewn" {speed, Will- Str+3
                  | Stlth+} (Okawaru gifted it to you on level 5 of the Realm
                  | of Zot)
 69512 | Zot:5    | Received a gift from Okawaru
 69934 | Zot:5    | Noticed a dread lich
 69941 | Zot:5    | Killed a dread lich
 70303 | Zot:5    | Noticed an orb of fire
 70310 | Zot:5    | Killed an orb of fire
 70310 | Zot:5    | Received a gift from Okawaru
 70353 | Zot:5    | Noticed a dread lich
 70363 | Zot:5    | Killed a dread lich
 70384 | Zot:5    | Noticed a dread lich
 70395 | Zot:5    | Killed a dread lich
 70395 | Zot:5    | Received a gift from Okawaru
 70479 | Zot:5    | Noticed an orb of fire
 70485 | Zot:5    | Noticed an ancient lich
 70490 | Zot:5    | Noticed an ancient lich
 70499 | Zot:5    | Gained mutation: You are clumsy. (Dex -2) [an orb of fire]
 70501 | Zot:5    | Killed an ancient lich
 70502 | Zot:5    | Killed an orb of fire
 70505 | Zot:5    | Killed an ancient lich
 70509 | Zot:5    | Identified the +4 ring mail "Muet" {rF+ rC+ Slay+2}
                  | (Okawaru gifted it to you on level 5 of the Realm of Zot)
 70509 | Zot:5    | Received a gift from Okawaru
 70680 | Zot:5    | Got the Orb of Zot
 71196 | D:$      | Escaped with the Orb!

Illustrated notes

Levels and vault maps discovered:
D:1:      dpeg_arrival_arbitrary_b, layout_basic
D:2:      layout_basic, hellmonk_ecumenical_altar_pennies_from_heaven
D:3:      layout_basic, lightli_sewer_entry_pipes, minmay_rat_hole,
          uniq_jessica, uniq_ijyb, uniq_robin
D:4:      layout_basic, fountainhead, minivault_27, minmay_misc_feat_rows
D:5:      layout_cave_pools, grunt_temple_overflow_gold_and_silver, slow_altar_2
D:6:      layout_cave_pools
D:7:      layout_loops_ring, minmay_temple_entry_statues_fountains,
          minmay_fountain_box, st_stairs_7,
          nicolae_concentric_dashed_squares_mild
D:8:      layout_loops_ring, mainiacjoe_overflow_six_doors_small, uniq_psyche
D:9:      layout_roguey, kennysheep_orc_monster_closet_entryway,
          chequers_serial_rivers_small_b, minmay_misc_feat_encased,
          kennysheep_boxes
D:10:     layout_rooms, tso_metal_star, nicolae_trove_entry_crystal
D:11:     layout_cave_pods, hellmonk_lair_entry_icy, uniq_erica, uniq_urug,
          uniq_nergalle
D:12:     layout_long_grid, portal_ice_cave_demonic_guard
D:13:     layout_long_grid, grunt_vaults_entry_tiered,
          gammafunk_ghost_abyssal_escape, minmay_pinched_square
D:14:     layout_basic, minmay_beelzebubs_servants
D:15:     hangedman_depths_entry_civil_slaughter, layout_loops_ring,
          serial_shops, shop, nicolae_dithmenos_through_a_glass_darkly,
          serial_ice, serial_ice_a, serial_ice_e, serial_ice_g, serial_ice_m,
          serial_ice_f, serial_ice_n, serial_ice_o, serial_ice_l,
          nicolae_qazlal_general_emergency
Temple:   nicolae_temple_bog_church
Lair:1:   layout_roguey, hellmonk_ghost_happy_afterlife,
          nicolae_quartered_pool_little, uniq_sonja
Lair:2:   layout_long_grid, dummy_spider_entry, lemuel_fruit_fields
Lair:3:   beast_lair_carwin_large_1, layout_cave_shapes,
          elwin_shoals_entry_rooms, grunt_megastairs_4
Lair:4:   layout_layer_cave, minmay_slime_entry_jelly_boxes, uniq_nessos
Lair:5:   hangedman_lair_in_review, layout_long_grid, minmay_hedge_maze,
          kennysheep_basilisk_garden, grunt_megastairs_2,
          infiniplex_staircase_pool
Shoals:1: layout_shoals, serial_shops, nicolae_shop_tiny_statue_garden,
          uniq_roxanne, uniq_donald
Shoals:2: layout_shoals
Shoals:3: cheibrodos_shoals_epimethial_gifts, layout_shoals,
          gammafunk_ghost_grave, serial_shops, nicolae_shop_back_alley_shop,
          st_sunken_temple
Shoals:4: shoals_end_hellmonk_lost_city, serial_shops
Spider:1: nicolae_spider_hilbert_zone_2 [nicolae_spider_hilbert_4_sides_1_open,
          nicolae_spider_hilbert_4_sides_1_open,
          nicolae_spider_hilbert_4_sides_1_open,
          nicolae_spider_hilbert_4_sides_1_open,
          nicolae_spider_hilbert_6_sides_1_open,
          nicolae_spider_hilbert_6_sides_1_open,
          nicolae_spider_hilbert_3_sides_1_open,
          nicolae_spider_hilbert_3_sides_1_open,
          nicolae_spider_hilbert_3_sides_1_open,
          nicolae_spider_hilbert_3_sides_1_open,
          nicolae_spider_hilbert_6_sides_1_open,
          nicolae_spider_hilbert_6_sides_1_open,
          nicolae_spider_hilbert_6_sides_1_open,
          nicolae_spider_hilbert_6_sides_1_open], nicolae_spider_webs_and_nodes,
          hellmonk_deceptive_appearances
Spider:2: layout_spider_delve, nicolae_spider_not_touching_you
Spider:3: layout_spider_delve, hangedman_stitches_earthworm
Spider:4: guppyfry_spider_rune, gammafunk_ghost_grave, nicolae_spider_nook
Orc:1:    layout_caves, gammafunk_ghost_cemetery, mines1_david
Orc:2:    st_orc_ogre_mass, layout_caves
Elf:1:    nicolae_elf_arrival_no_cutting_in_line, layout_geoelf_grid,
          hangedman_elven_crosses_minicolossus
Elf:2:    elven_hall_of_blades_hangedman_alternative
          [nicolae_blade_entry_antechamber], layout_geoelf_grid, serial_shops,
          nicolae_square_shop, basic_altar, minmay_misc_feat_pillars
Elf:3:    minmay_elf_hall_four_x, layout_geoelf_grid, uniq_aizul
Vaults:1: vaults_room_ringed_pool, v_misc_9, st_lattice,
          nicolae_vaults_sesquioval_fish, nicolae_vaults_octothorpe,
          vaults_standard_mumra_enter_the_diamond,
          vaults_mumra_minichess_inversion, nicolae_vaults_little_squares_1,
          ontoclasm_vaults_gateway, layout_vaults_maze_snakey, serial_shops,
          shop
Vaults:2: minmay_crypt_entry_simple_statues, v_misc_2, hangedman_vaults_impose,
          vaults_standard_mumra_x, nicolae_vaults_sesquioval_fish,
          nicolae_vaults_three_branches, v_misc_19,
          nicolae_vaults_storage_closets_1, nicolae_vaults_sesquioval_fish,
          layout_vaults_quadrants
Vaults:3: ontoclasm_vaults_twist, nicolae_vaults_twisting_passages,
          vaults_room_corners, vaults_room_grid, vaults_mumra_hexcomb,
          vaults_dpeg_encased_lava, nicolae_vaults_network_s, vaults_dpeg_cross,
          layout_vaults_omnibox, serial_shops, nicolae_shop_drivethru,
          uniq_boris, uniq_mennas
Vaults:4: vaults_mumra_chevron, v_misc_18, nicolae_vaults_tetromino_T_1,
          grunt_vaults_hallway_short, st_smaller_cells, hangedman_vaults_cutoff,
          vaults_room_stairs_pillars, ontoclasm_vaults_chip, vaults_mumra_lcd,
          nicolae_vaults_taking_the_gang_shopping, nicolae_vaults_circle_grid_b,
          ontoclasm_vaults_ring_square, v_alt_pattern_1,
          nicolae_vaults_wine_cellar, layout_vaults_big_cross, serial_shops,
          shop
Vaults:5
Depths:1: layout_honeycomb, hellmouth_1, nooodl_orcs_dogs, minmay_shoptagon
Depths:2: minmay_the_grid_square_5x5_4x4_mashed
          [minmay_the_grid_square_5x5_shrine2,
          minmay_the_grid_square_5x5_beaten_path,
          minmay_the_grid_square_5x5_almost_minimal,
          minmay_the_grid_square_5x5_lines,
          minmay_the_grid_square_5x5_checkered,
          minmay_the_grid_square_5x5_prize_junk,
          minmay_the_grid_square_5x5_prize_rear_guard,
          minmay_the_grid_square_5x5_three,
          minmay_the_grid_square_5x5_tri_point,
          minmay_the_grid_square_5x5_prize_pseudospiral,
          minmay_the_grid_square_5x5_prize_gold,
          minmay_the_grid_square_5x5_intrusive_squares,
          minmay_the_grid_square_5x5_tetrominoes,
          minmay_the_grid_square_5x5_inner_i,
          minmay_the_grid_square_5x5_n_small, minmay_the_grid_square_5x5_slash],
          layout_small_grid, enter_ziggurat_d, pan_entry, grunt_mini_vestibule,
          infiniplex_staircase_star, abyss_entry_crystal
Depths:3: hangedman_cross_veins, layout_cave_pools, pan_entry, abyss_entry,
          pf_dread_powers_of_hell, minmay_misc_feat_doors, minmay_multi_spiral
Depths:4: grunt_zot_entry_funnels, layout_basic, hell_entry,
          minmay_misc_feat_more_columns, serial_bayou_pond_d,
          nicolae_eternal_life
Zot:1:    layout_misc_corridors, st_large_dragon_hoard_3, uniq_josephina
Zot:2:    layout_gridlike, uniq_grunn
Zot:3:    layout_misc_corridors
Zot:4:    layout_misc_corridors, hangedman_snake_sidewinding
Zot:5:    layout_gridlike

Skill      XL: |  1  2  3  4  5  6  7  8  9 10 11 12 13 14 15 16 17 18 19 20 21 22 23 24 25 26 |
---------------+-------------------------------------------------------------------------------+-----
Axes           | 3 4 5 7 8 10 11 13 14 16 17 18 19 20 21 22 23 24 25 26 | 26.0
Fighting       | 4 5 6 7 8 10 11 13 15 17 19 20 21 22 23 24 25 26 | 26.0
Armour         | 4 5 6 7 8 10 11 12 13 15 16 17 18 19 20 21 22 23 24 25 26 | 26.0
Shields        | 4 5 6 7 8 9 10 11 13 14 15 16 17 18 19 20 21 23 24 | 24.0
Throwing       | 1 3 4 5 6 8 9 10 12 14 15 16 | 16.7
Dodging        | 2 5 7 8 10 13 | 13.2
Invocations    | 3 5 6 8 9 11 12 13 | 13.0
Evocations     | 1 3 4 5 7 8 10 | 10.0
Stealth        | 5 7 9 |  9.3

Action                     |  1- 3 |  4- 6 |  7- 9 | 10-12 | 13-15 | 16-18 | 19-21 | 22-24 | 25-27 || total
---------------------------+-------+-------+-------+-------+-------+-------+-------+-------+-------++-------
  Melee: War axe           |   104 |   106 |   314 |   154 |       |       |       |       |       ||   678
         Headbutt          |    11 |    12 |    71 |   166 |   274 |   404 |   434 |   465 |   303 ||  2140
         Whip              |       |       |    80 |   453 |       |       |       |       |       ||   533
         Broad axe         |       |       |       |    67 |  1030 |  1467 |  1372 |  1407 |   835 ||  6178
  Throw: Dart              |     6 |    12 |    21 |    38 |    25 |       |       |       |       ||   102
         Stone             |     3 |       |       |       |       |       |       |       |       ||     3
         Boomerang         |       |       |       |    13 |    78 |   145 |    42 |       |       ||   278
         Javelin           |       |       |       |       |       |       |    12 |   159 |    76 ||   247
 Invoke: Heroism           |       |       |     1 |    10 |    10 |    11 |    12 |    12 |     8 ||    64
         Finesse           |       |       |       |       |     1 |     2 |     2 |     5 |     2 ||    12
  Evoke: Wand              |       |       |       |     5 |     2 |     2 |       |       |     2 ||    11
         Lightning rod     |       |       |       |       |       |     4 |     2 |       |     1 ||     7
    Use: Potion            |     1 |       |     1 |     2 |     2 |     6 |     4 |    10 |    11 ||    37
         Scroll            |       |       |    15 |     8 |     6 |    13 |     6 |     8 |    12 ||    68
   Stab: Petrifying        |       |       |       |       |     1 |       |       |       |       ||     1
         Petrified         |       |       |       |       |     1 |       |       |       |       ||     1
         Invisible         |       |       |       |       |       |       |       |     3 |       ||     3
         Distracted        |       |       |       |       |       |       |       |       |     1 ||     1
 Armour: Scale mail        |    47 |    42 |   104 |       |       |       |       |       |       ||   193
         Plate armour      |       |       |    24 |   244 |    33 |       |       |       |       ||   301
         Crystal plate arm |       |       |       |       |   136 |       |       |       |       ||   136
         Gold dragon scale |       |       |       |       |   313 |   693 |   390 |   322 |   333 ||  2051
  Dodge: Dodged            |    40 |    33 |   137 |   146 |   316 |   559 |   241 |   275 |   319 ||  2066
  Block: Buckler           |    23 |    15 |    84 |     4 |       |       |       |       |       ||   126
         Kite shield       |       |       |       |   273 |   618 |  1209 |   962 |  1209 |  1048 ||  5319
         Reflection        |       |       |       |       |       |       |    38 |   150 |    14 ||   202
